 Dungeon Sprint DCSS version 0.30-a0-1114-gd936c97349 (webtiles) character file.

Game seed: 13364728655052801521

906 PLAYERX the Spear-Bearer (level 7, 0/70 HPs)
             Began as a Minotaur Gladiator on Apr 20, 2023.
             Was a Follower of Nemelex Xobeh.
             Slain by an efreet
             ... wielding a +1 scimitar of flaming
              (6 damage)
             ... in the Dungeon (Sprint VII: "The Pits").
             The game lasted 00:12:13 (556 turns).

PLAYERX the Spear-Bearer (Minotaur Gladiator)        Turns: 556, Time: 00:12:15

Health: 0/70       AC: 12    Str: 20    XL:     7   Next: 81%
Magic:  11/11      EV:  8    Int:  5    God:    Nemelex Xobeh [*.....]
Gold:   0          SH:  0    Dex: 12    Spells: 6/6 levels left

rFire   . . .      SeeInvis .    a - +2 trident
rCold   . . .      Faith    .    (no shield)
rNeg    . . .      Spirit   .    b - +2 plate armour
rPois   .          Reflect  .    c - +0 hat
rElec   .          Rampage  .    (no cloak)
rCorr   .          NoTele   +    (no gloves)
Will    .....                    (no boots) Stlth
                                 (no amulet)
HPRegen 0.31/turn                (no ring)
MPRegen 0.12/turn                (no ring)

@: no status effects
A: horns 2, retaliatory headbutt
a: Renounce Religion, Draw Escape, Draw Destruction, Draw Summoning


You were in the Dungeon.
You worshipped Nemelex Xobeh.
Nemelex Xobeh was aware of your devotion.
You visited 1 branch

Inventory:

Hand Weapons
 a - a +2 trident (weapon)
Missiles
 d - 3 throwing nets
 e - a javelin
 o - 10 stones
Armour
 b - a +2 plate armour (worn)
 c - a +0 hat (worn)
Scrolls
 k - a scroll of blinking
 m - 5 scrolls of amnesia
 n - a scroll of butterflies
Potions
 f - 6 potions of curing
 g - 3 potions of heal wounds
 h - a potion of haste
 i - 4 potions of magic
 j - 3 potions of berserk rage
 l - 2 potions of invisibility


   Skills:
 + Level 9.4 Fighting
 + Level 10.1 Polearms
 + Level 7.8 Throwing
 - Level 0.3 Armour
 + Level 9.3 Dodging
 + Level 7.3 Invocations


You had 6 spell levels left.
You didn't know any spells.
Your spell library was empty.

Dungeon Overview and Level Annotations

Branches:
Dungeon (1/1)

Altars:
Ashenzari
Cheibriados
Dithmenos
Elyvilon
Fedhas
Gozag
Hepliaklqana
Kikubaaqudgha
Makhleb
Nemelex Xobeh
Okawaru
Qazlal
Ru
Sif Muna
Trog
Uskayaw
Vehumet
Wu Jian
Xom
Yredelemnul
Zin
The Shining One
Jiyva
Lugonu


Innate Abilities, Weirdness & Mutations

You have a pair of horns on your head.
You reflexively headbutt those who attack you in melee.


Message History

You open the door.
A gnoll comes into view. It is wielding a +0 whip.
The gnoll shouts!
You puncture the gnoll! You headbutt the gnoll.
The gnoll is almost dead.
The gnoll closely misses you. You furiously retaliate!
You headbutt the gnoll!
You kill the gnoll!
There is an open door here.
You see here a +0 whip.
You open the door.
An efreet comes into view.
It is wielding a +1 scimitar of flaming.
You puncture the efreet!
The efreet is moderately wounded.
The efreet hits you with a +1 scimitar of flaming!
The efreet burns you.
You hit the efreet. You headbutt the efreet.
The efreet is heavily wounded.
The efreet gestures at you. The bolt of fire hits you!
You hit the efreet.
The efreet is heavily wounded.
You hit the efreet. Your headbutt misses the efreet.
The efreet is severely wounded.
The efreet gestures at you.
The fireball explodes!
The fireball engulfs you!!
The fireball engulfs the efreet.
The efreet completely resists.
You feel much better.
The efreet hits you with a +1 scimitar of flaming.
The efreet burns you.
You hit the efreet but do no damage.
The efreet is severely wounded.
The efreet hits you with a +1 scimitar of flaming!
The efreet burns you.
You barely miss the efreet. You headbutt the efreet!
The efreet is almost dead.
The efreet hits you with a +1 scimitar of flaming!
* * * LOW HITPOINT WARNING * * *
The efreet burns you.
You die...
Your body disappears without a glow.

#)#........##.......#
#'###########.......#
#)).....# #########
#.......# #...#...#
#..###..#+#
#...#...#.+
#..)....#R#
#.......)@#
###########


You could see an efreet.

Vanquished Creatures
  A warg (D)
  A floating eye (D)
  A centaur (D)
  2 scorpions (D)
  8 wights (D)
  An orc wizard (D)
  A gnoll (D)
  A river rat (D)
  An ufetubus (D)
  4 orcs (D)
  An endoplasm (D)
  A goblin (D)
  A hobgoblin (D)
  A jackal zombie (D)
  A kobold (D)
26 creatures vanquished.

Vanquished Creatures (collateral kills)
  A wight (D)
1 creature vanquished.

Grand Total: 27 creatures vanquished

Notes
Turn   | Place    | Note
-------+----------+-------------------------------------------
     0 | D        | PLAYERX the Minotaur Gladiator began the quest for the Orb.
     0 | D        | Reached XP level 1. HP: 18/18 MP: 0/0
    35 | D        | Reached skill level 4 in Polearms
    35 | D        | Reached XP level 2. HP: 7/25 MP: 1/1
   141 | D        | Found a bloodstained altar of Trog.
   141 | D        | Found a shimmering blue altar of Sif Muna.
   141 | D        | Found a viscous altar of Jiyva.
   141 | D        | Found a hazy altar of Hepliaklqana.
   141 | D        | Found an opulent altar of Gozag.
   142 | D        | Found a glowing golden altar of the Shining One.
   142 | D        | Found a glowing silver altar of Zin.
   142 | D        | Found a basalt altar of Yredelemnul.
   142 | D        | Found a shimmering altar of Xom.
   142 | D        | Found an ornate altar of the Wu Jian Council.
   142 | D        | Found a sacrificial altar of Ru.
   142 | D        | Found a stormy altar of Qazlal.
   142 | D        | Found an iron altar of Okawaru.
   142 | D        | Found a sparkling altar of Nemelex Xobeh.
   142 | D        | Found a burning altar of Makhleb.
   142 | D        | Found a blossoming altar of Fedhas.
   142 | D        | Found a white marble altar of Elyvilon.
   142 | D        | Found a shadowy altar of Dithmenos.
   142 | D        | Found a snail-covered altar of Cheibriados.
   146 | D        | Found a radiant altar of Vehumet.
   146 | D        | Found a corrupted altar of Lugonu.
   147 | D        | Found a hide-covered altar of Uskayaw.
   147 | D        | Found an ancient bone altar of Kikubaaqudgha.
   147 | D        | Found a broken altar of Ashenzari.
   154 | D        | Became a worshipper of Nemelex Xobeh the Trickster
   169 | D        | Noticed a scorpion
   180 | D        | Killed a scorpion
   181 | D        | Reached skill level 5 in Polearms
   181 | D        | Reached skill level 5 in Dodging
   181 | D        | Reached XP level 3. HP: 21/34 MP: 1/3
   181 | D        | Reached XP level 4. HP: 25/41 MP: 1/4
   250 | D        | Noticed a scorpion
   252 | D        | Killed a scorpion
   253 | D        | Reached skill level 5 in Fighting
   253 | D        | Reached skill level 6 in Polearms
   322 | D        | Reached * piety under Nemelex Xobeh
   331 | D        | Received a gift from Nemelex Xobeh
   331 | D        | Noticed a floating eye
   334 | D        | Killed a floating eye
   335 | D        | Reached skill level 7 in Polearms
   335 | D        | Reached skill level 5 in Throwing
   335 | D        | Reached XP level 5. HP: 51/51 MP: 5/7
   335 | D        | Noticed a centaur
   335 | D        | Noticed a warg
   344 | D        | Reached skill level 8 in Polearms
   344 | D        | Reached skill level 5 in Invocations
   344 | D        | Reached XP level 6. HP: 41/60 MP: 8/8
   347 | D        | Killed a warg
   353 | D        | Identified the -2 hand axe of Offence {holy, *Rage Dex+5
                  | SInv Stlth+}
   360 | D        | Reached skill level 9 in Polearms
   375 | D        | Reached XP level 7. HP: 32/69 MP: 10/10
   376 | D        | Reached skill level 10 in Polearms
   549 | D        | Noticed an efreet
   556 | D        | Slain by an efreet

Illustrated notes

Levels and vault maps discovered:
D:        pitsprint [storerooms_1, entrance_room_1, metal_vault_6, armoury_1,
          mini_pit_1, grid_room_1, main_hall_1, silver_pit, the_coven_1,
          the_vestibule_1, steel_vault_1, golden_pit, hallway_of_sentries,
          crystal_vault_2, iron_vault_2, final_vault]

Skill      XL: |  1  2  3  4  5  6  7 |
---------------+----------------------+-----
Polearms       | 4 5 7 8 9 10 | 10.1
Dodging        | 4 5 7 8 9 |  9.3
Fighting       | 4 6 7 8 9 |  9.4
Throwing       | 3 5 7 |  7.8
Invocations    | 2 4 5 6 7 |  7.3
Armour         | |  0.3

Action                     |  1- 3 |  4- 6 |  7- 9 || total
---------------------------+-------+-------+-------++-------
  Melee: Trident           |    20 |    35 |    17 ||    72
         Headbutt          |     2 |     5 |     5 ||    12
 Invoke: Draw Destruction  |       |     4 |     1 ||     5
         Draw Escape       |       |     1 |       ||     1
         Draw Summoning    |       |     1 |       ||     1
    Use: Potion            |       |     1 |     2 ||     3
   Stab: Sleeping          |     1 |       |       ||     1
 Armour: Leather armour    |     3 |     1 |       ||     4
         Plate armour      |       |    13 |     1 ||    14
  Dodge: Dodged            |    10 |    15 |     3 ||    28

Table legend: (Time is in decaauts)
 A = Elapsed time spent in this place.
 B = Non-inter-level travel time spent in this place.
 C = Inter-level travel time spent in this place.
 D = Time resting spent in this place.
 E = Time spent auto-exploring this place.
 F = Levels seen in this place.
 G = Mean time per level.
                   A        B        C        D        E       F      G
               +--------+--------+--------+--------+--------+-----+--------+
         Total |    551 |    551 |      0 |    256 |      0 |   1 |  551.0 |
       Dungeon |    551 |    551 |      0 |    256 |      0 |   1 |  551.0 |
               +--------+--------+--------+--------+--------+-----+--------+

Top non-repeatable levels by time:
       D: 551 daAuts
